 Dungeon Crawl Stone Soup version 0.17-a0-627-g5cb7d3e (webtiles) character file.

1099 McCoppin the Ruffian (level 8, 0/60 HPs)
             Began as a Demonspawn Chaos Knight on Apr 16, 2015.
             Slain by an orc
             ... wielding a +0 flail
              (5 damage)
             ... on level 5 of the Dungeon.
             The game lasted 00:23:58 (5868 turns).

McCoppin the Ruffian (Demonspawn Chaos Knight)      Turns: 5868, Time: 00:24:02

Health: 0/60       AC:  9    Str: 16    XL:     8   Next: 10%
Magic:  8/8        EV:  6    Int: 13    God:    Xom [......]
Gold:   211        SH:  0    Dex: 13    Spells: 0 memorised, 7 levels left

rFire  . . .     SeeInvis .       - Unarmed
rCold  . . .     Rnd*Rage +     f - +0 chain mail
rNeg   . . .     SustAb   .     (no shield)
rPois  .         Gourm    +     (helmet restricted)
rElec  .         Spirit   .     (no cloak)
rCorr  .         Warding  .     g - +0 pair of gloves (curse)
rMut   .         Stasis   .     (no boots)
MR     .....                    w - amulet of the gourmand
Stlth  ..........               y - ring of flight
                                j - ring of wizardry (curse)

@: mighty, very slightly contaminated, hasted, very quick, not resistant to
hostile enchantments, extremely unstealthy
A: claws 1, horns 1, talons 2, berserk 1, spiny 2, weak 2
a: Renounce Religion, Evoke Flight


You were on level 5 of the Dungeon.
You worshipped Xom.
You were a very special plaything of Xom.
You were full.

You visited 1 branch of the dungeon, and saw 5 of its levels.
You also visited: Ossuary.

You collected 211 gold pieces.

Inventory:

Hand weapons
 a - a +0 hand axe of chaos
 x - a +2 flail of holy wrath
Missiles
 d - 183 stones (quivered)
 o - 5 needles of confusion
 q - 2 throwing nets
 s - 5 needles of sleeping
 v - 8 poisoned needles
Armour
 b - a +2 leather armour
 f - a +0 chain mail (worn)
 g - a cursed +0 pair of gloves (worn)
 i - a +2 helmet
Jewellery
 j - a cursed ring of wizardry (left hand)
 w - an amulet of the gourmand (around neck)
 y - a ring of flight (right hand)
 B - an uncursed ring of magical power {unknown}
 H - a cursed ring of loudness {unknown}
Magical devices
 C - a wand of confusion (0)
Scrolls
 e - a scroll of enchant armour
 h - 3 scrolls of teleportation {unknown}
 k - a scroll of recharging
 l - a scroll of identify
 p - 4 scrolls of remove curse {unknown}
 G - a scroll of fog
Potions
 m - a potion of cancellation {unknown}
 A - 2 potions of resistance
 D - 2 potions of ambrosia {unknown}
 E - a potion of degeneration {unknown}
 F - 3 potions of might
 I - a potion of brilliance {unknown}
 J - a potion of invisibility {unknown}
Comestibles
 c - a bread ration
 n - a slice of pizza
 r - 2 meat rations
 t - 2 beef jerkies


   Skills:
 - Level 4.0 Fighting
 - Level 3.6 Axes
 - Level 1.7 Armour
 - Level 0.8 Dodging
 + Level 7.9 Unarmed Combat


You had 7 spell levels left.
You didn't know any spells.

Dungeon Overview and Level Annotations

Branches:
Dungeon (5/15)             Temple (0/1) D:4

Altars:
Fedhas
Gozag
Okawaru
Trog
Yredelemnul


Innate Abilities, Weirdness & Mutations

You have sharp fingernails.
You have a pair of small horns on your head.
You have razor-sharp toenails.
You are mostly covered in sharp spines.
You tend to lose your temper in combat.
You are very weak. (Str -4)


Message History

You hear some strange, mumbled words.
A magic dart appears from out of thin air!
The magic dart hits you!
* * * LOW HITPOINT WARNING * * *
The orc hits you but does no damage.
Drink which item? (? for menu, Esc to quit)
Okay, then.
You punch the small abomination!
You destroy the small abomination!
The orc hits you but does no damage.
The small abomination closely misses you.
Unknown command.
You closely miss the small abomination.
Your headbutt misses the small abomination.
Something hits you but does no damage. The orc hits you but does no damage.
The orc hits you but does no damage.
The small abomination hits you but does no damage.
The orc hits you with a flail.
You die... "I guess I need a new plaything now."

*,,,,*,,,,,,,,,,*,,,,
######...,,,,,,,*,,,,
#.........,,,,,,,,,,,
#..........,g,,,,,,,,
#........#,,,*,,,***,
#........#,,,*,,,* **
#........#,,,*****
#..)oo...#,,,*
#..o@xg..#,,,*
#........#,,,*
#........#,,,*
#........#,,,*
##########****


You could see a small abomination, 3 orcs and a hobgoblin.

Vanquished Creatures
  Edmund (D:5)
  An orc warrior (D:5)
  A phantom (D:4)
  An ogre (D:4)
  A water moccasin zombie (Ossuary)
  A scorpion (D:4)
  A small abomination (D:5)
  A hound (D:4)
  An orc wizard (D:4)
  An orc priest (D:4)
  2 worker ants (D:4)
  An iguana (D:4)
  4 big kobold zombies (Ossuary)
  3 mummies
  10 adders
  3 gnolls (D:4)
  An ooze (D:1)
  An adder zombie (Ossuary)
  3 worms
  11 orcs
  9 bats
  5 giant cockroaches
  2 gnoll zombies (Ossuary)
  9 goblins
  4 hobgoblins
  8 jackals
  13 kobolds
  A quokka (D:3)
  A ball python (D:1)
  6 giant geckos
  5 giant newts
  4 hobgoblin zombies (Ossuary)
  4 kobold zombies (Ossuary)
  3 orc zombies (Ossuary)
  11 rats
  A spectral orc (D:3)
135 creatures vanquished.

Vanquished Creatures (collateral kills)
  2 water moccasin zombies (Ossuary)
  A big kobold zombie (Ossuary)
  2 adder zombies (Ossuary)
  A kobold zombie (Ossuary)
6 creatures vanquished.

Vanquished Creatures (others)
  An iron imp (Ossuary)
  A shadow imp (D:4)
  A jackal (D:4)
3 creatures vanquished.

Grand Total: 144 creatures vanquished

Notes
Turn   | Place    | Note
--------------------------------------------------------------
     0 | D:1      | McCoppin, the Demonspawn Chaos Knight, began the quest for the Orb.
     0 | D:1      | Reached XP level 1. HP: 18/18 MP: 1/1
   412 | D:1      | Gained mutation: You are partially covered in sharp spines. [demonic ancestry]
   412 | D:1      | Reached XP level 2. HP: 22/24 MP: 2/2
   606 | D:1      | XOM: silly message
   790 | D:1      | XOM: silly message
   823 | D:1      | Gained mutation: You are mostly covered in sharp spines. [demonic ancestry]
   823 | D:1      | Reached XP level 3. HP: 29/29 MP: 3/3
   857 | D:1      | XOM: harmless Ice miscast
  1058 | D:2      | XOM: harmless Summ miscast
  1522 | D:2      | XOM: harmless Necr miscast
  1657 | D:2      | XOM: colour smoke trail
  1740 | D:2      | Reached skill level 4 in Fighting
  1740 | D:2      | Gained mutation: You have sharp fingernails. [demonic ancestry]
  1740 | D:2      | Reached XP level 4. HP: 37/37 MP: 4/4
  1841 | D:3      | Reached skill level 1 in Unarmed Combat
  2260 | D:3      | Found a basalt altar of Yredelemnul.
  2556 | D:3      | Gained mutation: You have a pair of small horns on your head. [demonic ancestry]
  2556 | D:3      | Reached XP level 5. HP: 37/42 MP: 5/5
  2578 | D:3      | XOM: colour smoke trail
  2771 | D:3      | Found an opulent altar of Gozag.
  3191 | D:4      | Found a staircase to the Ecumenical Temple.
  3239 | D:4      | Found a bloodstained altar of Trog.
  3271 | D:4      | XOM: harmless Erth miscast
  3275 | D:4      | Found a sand-covered staircase.
  3319 | D:4      | XOM: divination: detect creatures
  3349 | D:4      | XOM: divination: detect creatures
  3517 | Ossuary  | Entered an ossuary
  3537 | Ossuary  | XOM: enchant monster (bad)
  3540 | Ossuary  | XOM: chaos cloud
  3546 | Ossuary  | Paralysed by you for 6 turns
  3549 | Ossuary  | XOM: 6-stop teleportation journey
  3556 | Ossuary  | Gained mutation: You have sharp toenails. [demonic ancestry]
  3556 | Ossuary  | Reached XP level 6. HP: 48/48 MP: 6/6
  3629 | Ossuary  | XOM: summons friendly iron imp
  3727 | Ossuary  | Reached skill level 5 in Unarmed Combat
  3810 | Ossuary  | XOM: god gift: glass ring {god gift}
  3864 | Ossuary  | XOM: 1-stop teleportation journey
  4313 | D:4      | Gained mutation: You are weak. (Str -2) [potion of mutation]
  4313 | D:4      | Gained mutation: You tend to lose your temper in combat. [potion of mutation]
  4313 | D:4      | Gained mutation: You are very weak. (Str -4) [potion of mutation]
  4316 | D:4      | XOM: 1-stop teleportation journey
  4337 | D:4      | Noticed a phantom
  4348 | D:4      | XOM: summons friendly shadow imp
  4381 | D:4      | Killed a phantom
  4381 | D:4      | Gained mutation: You have razor-sharp toenails. [demonic ancestry]
  4381 | D:4      | Reached XP level 7. HP: 31/54 MP: 7/7
  4524 | D:4      | XOM: god gift: scroll labeled HOVUSU NUFY
  4557 | D:4      | XOM: enchant monster (good)
  4597 | D:4      | Reached skill level 6 in Unarmed Combat
  4653 | D:4      | XOM: harmless Divn miscast
  4828 | D:4      | Found a blossoming altar of Fedhas.
  4840 | D:4      | XOM: mild Ice miscast
  4845 | D:4      | Found an iron altar of Okawaru.
  4893 | D:4      | Noticed an ogre
  4902 | D:4      | XOM: summons friendly ufetubus
  4906 | D:4      | Killed an ogre
  5260 | D:4      | Reached skill level 7 in Unarmed Combat
  5565 | D:4      | XOM: harmless Chrm miscast
  5636 | D:5      | Entered Level 5 of the Dungeon
  5787 | D:5      | Noticed Edmund
  5795 | D:5      | XOM: divination: detect creatures
  5821 | D:5      | XOM: divination: detect creatures
  5835 | D:5      | Killed Edmund
  5835 | D:5      | Reached XP level 8. HP: 33/60 MP: 8/8
  5845 | D:5      | XOM: harmless Trmt miscast
  5856 | D:5      | XOM: 1-stop teleportation journey
  5861 | D:5      | XOM: medium Summ miscast
  5862 | D:5      | Noticed a small abomination
  5868 | D:5      | Slain by an orc

Action                   |  1- 3 |  4- 6 |  7- 9 || total
-------------------------+-------+-------+-------++-------
Melee: Hand axe          |    99 |   124 |       ||   223
       Unarmed           |       |   167 |   128 ||   295
  Use: Scroll            |     2 |     7 |     4 ||    13
       Potion            |       |     1 |     7 ||     8
 Stab: Petrified         |     1 |       |       ||     1
       Paralysed         |       |     1 |       ||     1
  Eat: Chunk             |     2 |    12 |    11 ||    25
       Fruit             |       |     2 |       ||     2
       Bread ration      |       |     1 |       ||     1
